AoeStats
← Buforbotzo

Nomad

503242622Analyzed
2v2 RM · 1mo ago on Aug 30, 2026· 53m 39s· 4 players
Game mode
Random Map
Map size
176×176
Population
200
Speed
Normal
Resources
Standard
Victory
Conquest
Starting age
Dark Age
Ending age
Imperial Age
RankedLock teamsTeams togetherTeam positionsShared explorationLock speedFull tech treeHidden civsTurbo modeCheats
Victory
Defeat
🇧🇷 Malians · Brazil
1127
+15
🇧🇷 Tupi · Brazil
1098
+17
🇨🇱 Mongols · Chile
1120
-16
🇺🇸 Saracens · United States
1110
-16
Buforbotzo
3:44 Loom
16:04 Feudal Age
17:58 Town Watch
21:59 Wheelbarrow
21:12 Double-Bit Axe
24:06 Castle Age
22:09 Stone Mining
24:01 Gold Mining
26:13 Fletching
28:15 Ballistics
27:59 Padded Archer Armor
35:14 Bodkin Arrow
35:41 Leather Archer Armor
38:26 Thumb Ring
39:45 Husbandry
40:18 Bloodlines
53:43 Imperial Age
ProfessorBVZ
6:07 Loom
13:19 Feudal Age
18:16 Fletching
25:43 Castle Age
25:12 Padded Archer Armor
29:48 Double-Bit Axe
30:26 Bodkin Arrow
34:54 Crossbowman
36:59 Thumb Ring
39:02 Ballistics
39:55 Leather Archer Armor
44:56 Horse Collar
48:07 Imperial Age
46:38 Wheelbarrow
48:14 Arbalester
49:04 Bracer
49:32 Masonry
51:51 Chemistry
51:41 Gold Mining
51:42 Stone Mining
52:59 Ring Archer Armor
51:52 Pikeman
53:33 Scale Mail Armor
53:44 Forging
FSENRA
5:01 Loom
14:31 Feudal Age
26:31 Castle Age
26:09 Fletching
43:09 Double-Bit Axe
43:16 Gold Mining
46:27 Imperial Age
45:08 Padded Archer Armor
46:11 Stone Mining
46:58 Bodkin Arrow
52:12 Bracer
SENR4
3:19 Loom
12:44 Feudal Age
20:55 Castle Age
22:09 Double-Bit Axe
25:22 Forging
26:33 Wheelbarrow
25:59 Gold Mining
25:52 Horse Collar
26:42 Husbandry
29:12 Stone Mining
30:20 Scale Barding Armor
31:00 Fletching
31:46 Bodkin Arrow
31:58 Tigui
33:33 Chain Barding Armor
38:09 Imperial Age
36:23 Bloodlines
38:25 Heavy Camel Rider
39:54 Farimba
42:02 Iron Casting
42:27 Plate Barding Armor
42:46 Bow Saw
42:37 Heavy Plow
43:13 Gold Shaft Mining
43:47 Conscription
47:52 Padded Archer Armor
49:17 Chemistry
51:30 Hand Cart
51:13 Light Cavalry
Connection lost

Rejoining the realm…

Still unreachable

The connection could not be restored.

Session expired

The server has moved on; the page needs a fresh start.